 Dungeon Crawl Stone Soup version 0.31-a0-152-g6aa68a64a1 (webtiles) character file.

Game seed: 11556934151501077077

258 qw the Shooter (level 6, -3/37 HPs)
             Began as a Gargoyle Hunter on June 8, 2023.
             Slain by a gnoll
             ... wielding a +0 whip
             ... led by a gnoll sergeant
              (4 damage)
             ... on level 4 of the Dungeon.
             The game lasted 00:01:08 (2898 turns).

qw the Shooter (Gargoyle Hunter)                    Turns: 2898, Time: 00:01:09

Health: -3/37      AC:  9    Str: 15    XL:     6   Next: 16%
Magic:  6/6        EV: 11    Int:  9    God:
Gold:   264        SH:  0    Dex: 15    Spells: 5/5 levels left

rFire   . . .        Y - +1 shortbow
rCold   . . .        (shield currently unavailable)
rNeg    + . .        i - +0 ring mail
rPois   inf          (no helmet)
rElec   +            (no cloak)
rCorr   .            (no gloves)
SInv    .            (no boots)
Will    .....        (no amulet)
Stlth   +            (no ring)
HPRegen 0.26/turn    (no ring)
MPRegen 0.10/turn

%: no passive effects
@: no status effects
A: sickness immunity, AC +4, negative energy resistance 1, electricity
resistance, torment resistance 1, petrification resistance
a: no special abilities


You were on level 4 of the Dungeon.
You visited 2 branches of the dungeon, and saw 5 of its levels.

You collected 264 gold pieces.


Innate Abilities, Weirdness & Mutations

You are immune to sickness and miasma.
Your stone body is resilient. (AC +4)
You are immune to poison.
You resist negative energy. (rN+)
You are resistant to electric shocks. (rElec)
You are resistant to unholy torment.
You are immune to petrification.


   Skills:
 + Level 3.5 Fighting
 - Level 6.4 Ranged Weapons
 - Level 1.6 Armour
 - Level 1.5 Dodging
 - Level 1.1 Stealth


You had 5 spell levels left.
You didn't know any spells.
Your spell library was empty.

Inventory:

Hand Weapons
 Y - a +1 shortbow (weapon)
Armour
 i - a +0 ring mail (worn)
Scrolls
 d - 2 scrolls of enchant armour
Potions
 a - a potion of brilliance {unknown}
 b - a potion of berserk rage {unknown}
 e - a potion of enlightenment {unknown}
 f - a potion of degeneration {unknown}
 h - a potion of ambrosia {unknown}
 j - a potion of curing

Dungeon Overview and Level Annotations

Branches:
Dungeon (4/15)             Temple (1/1) D:4

Altars:
Ashenzari
Cheibriados
Elyvilon
Gozag
Hepliaklqana
Kikubaaqudgha
Qazlal
Ru
Vehumet
Yredelemnul
Zin
The Shining One

Shops:
D:1 =   D:3 :

Annotations:
D:4 1 runed translucent door, qw's ghost, amateur MiHu


Message History

Enter note:
Enter note:
Enter note: You shoot an arrow.
The gnoll shouts!
The arrow hits the gnoll!
The gnoll is heavily wounded.
You shoot an arrow. The arrow hits the gnoll.
You kill the gnoll!
The gnoll throws a throwing net.
The throwing net hits you.
You become entangled in the net!
You tear a large gash into the net.
You struggle against the net.
You struggle against the net.
The gnoll sergeant barely misses you.
You rip the net and break free!
The gnoll hits you with a +0 whip.
The gnoll sergeant hits you from afar with a +0 spear.
The gnoll hits you with a +0 club.
You shoot an arrow. The arrow closely misses the gnoll.
The gnoll hits you with a +0 whip.
The gnoll sergeant hits you from afar with a +0 spear!
The gnoll hits you with a +0 club.
You shoot an arrow.
The arrow hits the gnoll but does no damage.
The gnoll hits you with a +0 whip.
The gnoll sergeant hits you from afar with a +0 spear.
The gnoll hits you with a +0 club.
You shoot an arrow. The arrow hits the gnoll.
The gnoll is moderately wounded.
The gnoll hits you but does no damage. The gnoll sergeant closely misses you.
The gnoll misses you.
You shoot an arrow. The arrow hits the gnoll.
The gnoll is heavily wounded.
The gnoll hits you with a +0 whip. The gnoll sergeant closely misses you.
The gnoll hits you but does no damage.
You shoot an arrow. The arrow hits the gnoll.
The gnoll is almost dead.
The gnoll hits you with a +0 whip.
You die...

#..# ###. #### #... #
##..# # ...# ## #..##
.#### #...#######.
....## #........)..
.....# ##.....g.....
#..).# ##....@g......
#....## ##...##.g......
#.....####..########....
#..#.......## ###
#.######..## #.# ####
###


You could see a gnoll sergeant and 2 gnolls.

Vanquished Creatures
  A phantom (D:3)
  A jelly (D:4)
  An orc wizard (D:3)
  A gnoll (D:4)
  4 adders
  A worm (D:2)
  2 dart slugs
  2 orcs
  8 ball pythons
  7 endoplasms
  4 giant cockroaches
  3 goblins
  6 hobgoblins
  6 jackals
  4 quokkas
  5 bats
  A frilled lizard (D:3)
  6 kobolds
  9 rats
72 creatures vanquished.

Notes
Turn   | Place    | Note
-------+----------+-------------------------------------------
     0 | D:1      | qw the Gargoyle Hunter began the quest for the Orb.
     0 | D:1      | Reached XP level 1. HP: 12/12 MP: 1/1
     0 | D:1      | 0 ||| qw: Version: 0.2-a-120-gdf1a93b
     0 | D:1      | 0 ||| qw: Game counter: 3136
     0 | D:1      | 0 ||| qw: Always use a shield: true
     0 | D:1      | 0 ||| qw: God list: Okawaru
     0 | D:1      | 0 ||| qw: Allow faded altars: false
     0 | D:1      | 0 ||| qw: Do Orc after D:15 true
     0 | D:1      | 0 ||| qw: Do second Lair branch before Depths: true
     0 | D:1      | 0 ||| qw: Lair rune preference: random
     0 | D:1      | 0 ||| qw: Plans: Normal
     0 | D:1      | 0 ||| PLANNING D:1-11
    12 | D:1      | 12 ||| Stepping ~*~*~tactically~*~*~ (water).
   111 | D:1      | Reached XP level 2. HP: 17/17 MP: 2/2
   262 | D:1      | Found Idap's Jewellery Shoppe.
   271 | D:1      | 271 ||| SHOPLISTING +4 ring of slaying (780 gold, have 25).
   271 | D:1      | 271 ||| SHOPLISTING +5 ring of evasion (360 gold, have 25).
   271 | D:1      | 271 ||| SHOPLISTING +6 ring of dexterity (360 gold, have
                  | 25).
   271 | D:1      | 271 ||| SHOPLISTING amulet of the acrobat (300 gold, have
                  | 25).
   271 | D:1      | 271 ||| SHOPLISTING ring of willpower (250 gold, have 25).
   352 | D:1      | Reached XP level 3. HP: 21/21 MP: 3/3
   367 | D:1      | Reached skill level 5 in Ranged Weapons
   849 | D:1      | 849 ||| DROPPING ring of wizardry.
   850 | D:1      | 850 ||| READING scroll labelled OGOESO ZERET.
   851 | D:1      | 851 ||| DROPPING scroll of butterflies.
   950 | D:2      | Found a basalt altar of Yredelemnul.
  1013 | D:2      | Reached skill level 3 in Fighting
  1122 | D:2      | Reached XP level 4. HP: 28/28 MP: 4/4
  1198 | D:2      | 1198 ||| Stepping ~*~*~tactically~*~*~ (water).
  1342 | D:2      | Found a faded altar of an unknown god.
  1434 | D:2      | 1434 ||| READING scroll labelled KINYWE RYBIMN.
  1435 | D:2      | 1435 ||| READING scroll labelled USKONLADIU.
  1436 | D:2      | 1436 ||| READING scroll labelled XYHYKKOLYX.
  1471 | D:3      | Found a white marble altar of Elyvilon.
  1632 | D:3      | Found a sacrificial altar of Ru.
  1766 | D:3      | Reached XP level 5. HP: 29/32 MP: 5/5
  1788 | D:3      | Noticed a phantom
  1802 | D:3      | Killed a phantom
  1803 | D:3      | Reached skill level 6 in Ranged Weapons
  2261 | D:3      | Found Turoif's Book Emporium.
  2341 | D:3      | 2341 ||| UPGRADING to +0 ring mail.
  2351 | D:3      | 2351 ||| DROPPING +0 leather armour.
  2352 | D:3      | 2352 ||| READING scroll labelled TUPRONO IMMA.
  2353 | D:3      | 2353 ||| READING 4 scrolls labelled INAEM OLANA.
  2354 | D:3      | 2354 ||| READING scroll labelled ESOKKA MUQEHO.
  2355 | D:3      | 2355 ||| DROPPING 3 scrolls of fog.
  2412 | D:4      | Reached skill level 1 in Armour
  2412 | D:4      | Reached XP level 6. HP: 37/37 MP: 6/6
  2421 | D:4      | Found a runed translucent door.
  2422 | D:4      | Noticed qw's ghost (amateur MiHu)
  2788 | D:4      | Found a staircase to the Ecumenical Temple.
  2789 | D:4      | 2789 ||| PLANNING TEMPLE
  2789 | D:4      | 2789 ||| READING scroll labelled UHIMOM ATUESUE.
  2790 | D:4      | 2790 ||| DRINKING 2 fuming puce potions.
  2798 | Temple   | Entered the Ecumenical Temple
  2812 | Temple   | 2812 ||| PLANNING D:1-11
  2895 | D:4      | HP: 7/37 [gnoll/+0 whip[a gnoll sergeant] (4)]
  2895 | D:4      | HP: 2/37 [gnoll sergeant/+0 spear (5)]
  2898 | D:4      | Slain by a gnoll

Levels and vault maps discovered:
D:1:      sevenhm_arrival_forest_fort_small_1, layout_basic, serial_shops,
          nicolae_shop_tiny_statue_garden
D:2:      layout_rooms, shapermc_ecumenical_altar_mp_urbaneastern,
          serial_rivers, chequers_serial_rivers_micro_b,
          chequers_serial_rivers_large_a, chequers_serial_rivers_micro_e,
          chequers_serial_rivers_room_a, chequers_serial_rivers_marsh,
          basic_altar
D:3:      layout_basic, nicolae_elyvilon_temple_path,
          nicolae_ru_great_annihilating_truth, serial_shops, shop
D:4:      layout_layer_cave, minmay_temple_entry_crystal_x,
          gammafunk_ghost_grave, chequers_serial_rivers_micro_b, dk_vineyard_3
Temple:   hellmonk_temple_rainy

Skill      XL: |  1  2  3  4  5 |
---------------+----------------+-----
Ranged Weapons | 5 6 |  6.4
Fighting       | 3 |  3.5
Armour         | 1 |  1.6
Dodging        | |  1.5
Stealth        | |  1.1

Action                     |  1- 3 |  4- 6 || total
---------------------------+-------+-------++-------
   Fire: Shortbow          |   170 |   121 ||   291
    Use: Scroll            |     1 |     7 ||     8
         Potion            |       |     1 ||     1
 Armour: Leather armour    |    34 |    18 ||    52
         Ring mail         |       |     2 ||     2
  Dodge: Dodged            |    61 |    36 ||    97

Table legend:
 A = Non-vault XP
 B = Vault XP
 C = Vault XP percentage of total XP
 D = Non-vault monster count
 E = Vault monster count
 F = Vault count percentage of total count
                 A         B        C        D         E       F
            +---------+---------+-------+---------+---------+-------
      Total |     330 |      39 |  10.6 |      68 |       4 |   5.6
            +---------+---------+-------+---------+---------+-------
        D:1 |      54 |       0 |   0.0 |      31 |       0 |   0.0
        D:2 |      38 |       0 |   0.0 |      13 |       0 |   0.0
        D:3 |     168 |      39 |  18.8 |      15 |       4 |  21.1
        D:4 |      70 |       0 |   0.0 |       9 |       0 |   0.0
            +---------+---------+-------+---------+---------+-------
